 Dungeon Crawl Stone Soup version 0.18.1-48-g4cf74bf (webtiles) character file.

559757 Peloso the Minotaur Barricade (level 25, -1/245 HPs)
             Began as a Minotaur Fighter on Aug 30, 2016.
             Was the Champion of Okawaru.
             Splashed by an acid blob's acid (3 damage)
             ... created by the Royal Jelly
             ... on level 5 of the Pits of Slime on Aug 31, 2016.
             The game lasted 04:46:27 (66144 turns).

Peloso the Minotaur Barricade (Minotaur Fighter)   Turns: 66144, Time: 04:46:29

Health: -1/245     AC: 30    Str: 31    XL:     25   Next: 31%
Magic:  25/25      EV: 15    Int:  3    God:    Okawaru [******]
Gold:   5949       SH: 24    Dex: 10    Spells: 1 memorised, 16 levels left

rFire  + . .     SeeInvis +     R - +9 double sword (flame)
rCold  + . .     Gourm    .     Y - +4 plate armour of the Hundredfold Runes {Str+2}
rNeg   + . .     Faith    .     p - +2 shield {AC+3}
rPois  +         Spirit   .     K - +2 hat {SInv}
rElec  +         Dismiss  .     t - +2 cloak {MR+}
rCorr  +         Reflect  +     a - +2 pair of gloves of the Lair of Beasts {rElec Slay+3}
SustAt .         Harm     .     u - +2 pair of boots of the Assassin {DetectMon Stab+ Stlth++}
MR     ++...                    N - +3 amulet of reflection
Stlth  +.........               F - ring "Azxar" {+Fly rC+ rN+ Stlth+}
                                l - ring of Ucevvol {rCorr rPois rF+}

@: heroism, corroded, very slightly contaminated, hasted, very quick, very
resistant to hostile enchantments, very unstealthy
A: retaliatory headbutt, horns 2, clumsy 2, dopey 1, regeneration 1
a: Heroism, Finesse, Renounce Religion, Evoke Flight
}: 3/15 runes: serpentine, barnacled, silver


You were on level 5 of the Pits of Slime.
You worshipped Okawaru.
Okawaru was exalted by your worship.
You were not hungry.

You visited 11 branches of the dungeon, and saw 52 of its levels.
You visited the Abyss 1 time.
You also visited: Trove.

You collected 6059 gold pieces.
You spent 110 gold pieces at shops.

Inventory:

Hand Weapons
 O - the +6 scimitar of the Evening {slice, Str+6}
   (You found it on level 8 of the Lair of Beasts)

   It inflicts extra damage upon your enemies.
   It affects your strength (+6).
 R - a +9 double sword of flaming (weapon)
Armour
 a - the +2 pair of gloves of the Lair of Beasts (worn) {rElec Slay+3}
   (Okawaru gifted it to you on level 10 of the Dungeon)

   It affects your accuracy and damage with ranged weapons and melee attacks
   (+3).
   It insulates you from electricity.
 p - a +2 shield of protection (worn)
 t - a +2 cloak of magic resistance (worn)
 u - the +2 pair of boots of the Assassin (worn) {DetectMon Stab+ Stlth++}
   (Okawaru gifted it to you on level 4 of the Snake Pit)

   It makes you much more stealthy.
 C - a +0 pair of boots of flying
 K - a +2 hat of see invisible (worn)
 Y - the +4 plate armour of the Hundredfold Runes (worn) {Str+2}
   (You found it on level 1 of the Lair of Beasts)

   It affects your strength (+2).
Jewellery
 l - the ring of Ucevvol (left hand) {rCorr rPois rF+}
   (You found it on level 3 of the Elven Halls)

   [ring of resist corrosion]

   It protects you from fire.
   It protects you from poison.
 s - an uncursed amulet of the gourmand
 F - the ring "Azxar" (right hand) {+Fly rC+ rN+ Stlth+}
   (You took it off a vault sentinel on level 5 of the Vaults)

   [ring of positive energy]

   It protects you from cold.
   It protects you from negative energy.
   It lets you fly.
   It makes you more stealthy.
 N - a +3 amulet of reflection (around neck)
 T - the ring of the Mackerel {Fire rN+ MP+9 Slay+3}
   (You took it off a vampire on level 3 of the Crypt)

   [ring of fire]

   It enhances your fire magic, and weakens your ice magic.
   It affects your accuracy and damage with ranged weapons and melee attacks
   (+3).
   It protects you from fire.
   It makes you vulnerable to cold.
   It protects you from negative energy.
   It affects your magic capacity (+9).
Wands
 m - a wand of disintegration (19/24)
 o - a wand of heal wounds (7/9)
 z - a wand of hasting (2/9)
 A - a wand of heal wounds (1/9)
Scrolls
 b - 11 scrolls of teleportation
 c - 4 scrolls of blinking
 h - 29 scrolls of remove curse
 n - 14 scrolls of identify
 y - 6 scrolls of magic mapping
 B - a scroll of fear
 P - 4 scrolls of recharging
Potions
 d - 14 potions of might
 j - 14 potions of curing
 r - a potion of flight
 E - 6 potions of invisibility
 M - 5 potions of agility
 S - 5 potions of haste
 W - 7 potions of heal wounds
 X - a potion of resistance
Books
 w - a Necronomicon

   Spells                             Type                      Level
   a - Haunt                          Necromancy/Summoning         7
   b - Borgnjor's Revivification      Necromancy                   8
   c - Death's Door                   Charms/Necromancy            8
   d - Necromutation                  Transmutation/Necromancy     8
Comestibles
 k - 23 beef jerkies
 q - 45 fruits
 v - 3 bread rations
 x - 5 meat rations


   Skills:
 + Level 24.1(27) Fighting
 O Level 27 Long Blades
 + Level 19.7(24.7) Armour
 + Level 11.9(16.9) Dodging
 + Level 2.5(7.5) Stealth
 O Level 27 Shields
 + Level 0.4(5.4) Unarmed Combat
 + Level 4.3 Invocations
 + Level 0.8 Evocations


You had 16 spell levels left.
You knew the following spells:

 Your Spells              Type           Power        Failure   Level  Hunger
a - Necromutation         Trmt/Necr      #.........   100%        8    #######


Dungeon Overview and Level Annotations

Branches:
Dungeon (15/15)            Temple (1/1) D:5            Lair (8/8) D:10
 Shoals (4/4) Lair:6        Snake (4/4) Lair:4        Slime (6/6) Lair:8
    Orc (2/2) D:12            Elf (3/3) Orc:2        Vaults (5/5) D:14
  Crypt (3/3) Vaults:3       Tomb (0/3) Crypt:3      Depths (1/5) D:15

Altars:
Cheibriados
Elyvilon
Gozag
Kikubaaqudgha
Nemelex Xobeh
Okawaru
Pakellas
Qazlal
Ru
Trog
Xom
Yredelemnul
The Shining One

Shops:
Orc:2 *((([   Vaults:1 %   Vaults:2 *   Vaults:5 }}

Annotations:
Slime:6 Royal Jelly


Innate Abilities, Weirdness & Mutations

You reflexively headbutt those who attack you in melee.
You have a pair of horns on your head.
You are very clumsy. (Dex -4)
You are dopey. (Int -2)
Your natural rate of healing is unusually fast.


Message History

You headbutt the azure jelly! The azure jelly closely misses you.
The azure jelly hits you but does no damage.
The azure jelly closely misses you.
The azure jelly hits you but does no damage.
The azure jelly barely misses you. You block the azure jelly's attack.
The azure jelly hits you but does no damage.
You hit the azure jelly. You burn the azure jelly.
You headbutt the azure jelly, but do no damage.
The azure jelly is severely wounded.
The acid blob spits acid at you.
The splash of acid reflects off an invisible shield around you!
The splash of acid hits the acid blob.
The acid blob completely resists.
The acid blob hits you!
* * * LOW HITPOINT WARNING * * *
You are splashed with acid!
The acid corrodes you!
The acid burns!
You resist.
* * * LOW HITPOINT WARNING * * *
The acid blob misses you. The acid blob hits you!
* * * LOW HITPOINT WARNING * * *
You are splashed with acid!
The acid burns!
You resist.
You die...

.........##...#......#.##.####.##
#........##..........##.#####...#
###.......#...#......#...###.....
##.#...............#..#.##....#
###.....................#.....
...##...........................#
#........................#.>...
#.......#......J.J.....#.........
....#..#.......J@J.....#.........
#..###.#.......JJJ.>............#
### #...........................#
##...........#......#.#.#..##
###..#...#####..#.#########
######## ######


You could see 4 acid blobs and 3 azure jellies.

Vanquished Creatures
  Dissolution (Slime:2)
  3 ancient liches
  Vashnia (Snake:1)
  A golden dragon (Vaults:4)
  Jory (Vaults:3)
  3 bone dragons
  Jorgrun (Shoals:3)
  4 tentacled monstrosities
  The ghost of Dickchan the Gelid, an adept MfIE of Dithmenos (Elf:2)
  8 liches
  Asterion (Vaults:3)
  A kraken (Shoals:1)
  2 deep elf blademasters (Elf:3)
  3 titans
  15 acid blobs
  2 quicksilver dragons
  5 ancient champions
  A tentacled starspawn (Abyss:3)
  A sphinx (Vaults:5)
  Gastronok (D:8)
  Kirke (Lair:8)
  4 storm dragons
  5 greater nagas
  5 tengu reavers
  12 azure jellies
  Ilsuiw (Shoals:3)
  Roxanne (D:14)
  4 shadow dragons
  Wiglaf (Elf:3)
  2 fire giants
  A revenant (Crypt:3)
  11 deep elf sorcerers
  Donald (Shoals:3)
  3 frost giants
  2 iron dragons
  2 curse skulls (Crypt:1)
  10 vault wardens
  3 deep elf elementalists (Elf:3)
  Aizul (Elf:3)
  4 ghouls
  14 ironheart preservers
  A caustic shrike skeleton (Crypt:1)
  A very ugly thing (Vaults:4)
  3 war gargoyles
  2 reapers
  12 stone giants
  A salamander stormcaller (Vaults:3)
  7 deep elf demonologists
  15 deep elf annihilators
  15 vampire knights
  Azrael (D:15)
  A black draconian (Abyss:3)
  A lorocyproca (Abyss:3)
  4 eidola
  5 death oozes
  An ettin (shapeshifter) (Vaults:5)
  A crystal guardian (Vaults:1)
  8 ettins
  18 deep elf death magi
  Josephine (D:15)
  6 merfolk javelineers
  29 vault guards
  11 merfolk impalers
  13 jiangshi
  16 yaktaur captains
  2 fire dragons
  9 great orbs of eyes
  8 deep elf high priests
  6 hydras
  2 rakshasas (Vaults:1)
  3 merfolk avatars
  Erica (D:8)
  The ghost of Anatei the Blocker, a journeyman DsFi of Trog (Lair:3)
  13 naga warriors
  8 ogre magi
  Erolcha (D:8)
  5 death knights
  A catoblepas (Lair:8)
  5 centaur warriors
  A satyr (Shoals:3)
  3 merfolk aquamancers (Shoals:4)
  28 dancing weapons
  9 anacondas
  A satyr (shapeshifter) (Vaults:4)
  5 death yaks
  4 orc high priests (Orc:2)
  A deep troll shaman (Vaults:5)
  2 deep troll earth magi (Vaults:5)
  3 tengu warriors
  9 vampire magi
  2 thrashing horrors (Abyss:3)
  16 naga sharpshooters
  Sonja (D:15)
  33 deep elf knights
  4 shock serpents
  A hellephant skeleton (Crypt:2)
  3 fire crabs (Vaults:4)
  4 storm dragon zombies (Crypt:3)
  A storm dragon skeleton (Crypt:2)
  3 shadow wraiths
  2 salamander mystics
  A fire crab (shapeshifter) (Elf:2)
  4 deep trolls
  4 unseen horrors
  16 sea snakes
  24 skeletal warriors
  A naga ritualist (Snake:1)
  A shadow demon (Abyss:3)
  2 golden dragon zombies (Crypt:3)
  11 hill giants
  7 flayed ghosts
  2 giant orange brains
  18 deep elf archers
  17 orc knights
  2 necromancers
  12 phantasmal warriors
  27 ironbrand convokers
  5 shining eyes
  5 orc sorcerers
  3 hornets
  A sphinx zombie (Vaults:4)
  14 harpies
  The ghost of QuiZr the Nimble, a novice DDEn of Vehumet (Lair:1)
  A frost giant zombie (Crypt:2)
  3 mana vipers
  3 wolf spider zombies (Crypt:3)
  A stone giant zombie (Vaults:4)
  15 manticores
  19 griffons
  3 wolf spiders
  An iron dragon zombie (Crypt:2)
  75 deep elf magi
  A wizard (D:15)
  A worldbinder (Abyss:3)
  4 fauns
  A fire giant zombie (Crypt:2)
  10 cyclopes
  11 salamanders
  A wolf spider (shapeshifter) (D:12)
  A faun (shapeshifter) (Vaults:5)
  3 guardian serpents
  A stone giant skeleton (Crypt:2)
  27 black mambas
  4 elephants (Lair:5)
  A fire giant skeleton (Vaults:4)
  28 ugly things
  8 sirens
  14 naga magi
  5 centaur zombies
  11 water nymphs
  An ice statue (D:14)
  2 smoke demons (Abyss:3)
  14 vault sentinels
  A grey draconian zombie (Crypt:2)
  2 dire elephant zombies
  4 eyes of devastation
  4 kobold demonologists
  An emperor scorpion zombie (Crypt:2)
  31 spiny frogs
  A yaktaur (shapeshifter) (Vaults:4)
  3 efreet (Abyss:3)
  11 freezing wraiths
  44 yaktaurs
  4 rime drakes
  14 komodo dragons
  A swamp worm zombie (Crypt:3)
  An ancient zyme (Abyss:3)
  5 trolls
  A merfolk (shapeshifter) (Vaults:4)
  2 tengu conjurers (D:13)
  28 merfolk
  A hydra zombie (Crypt:3)
  2 giant leeches (Lair:8)
  A giant leech (shapeshifter) (Vaults:5)
  A jumping spider (shapeshifter) (Vaults:1)
  A two-headed ogre (shapeshifter) (Vaults:1)
  6 wind drakes
  22 blink frogs
  21 two-headed ogres
  A polar bear (shapeshifter) (Vaults:3)
  A jumping spider (Vaults:3)
  5 raiju (Abyss:3)
  8 snapping turtles
  2 harpy skeletons (Crypt:3)
  A hornet zombie (Crypt:3)
  Prince Ribbit (D:8)
  A bog body (Crypt:2)
  A raiju (shapeshifter) (Vaults:4)
  132 slime creatures
  6 boulder beetles
  A minotaur skeleton (Crypt:1)
  A centaur simulacrum (D:12)
  An ettin skeleton (Crypt:3)
  11 flying skulls (Crypt:1)
  6 large abominations
  A shadow (Crypt:3)
  3 air elementals
  6 small abominations (Abyss:3)
  A spriggan (shapeshifter) (Vaults:2)
  9 water elementals
  A ynoxinul (Abyss:3)
  A redback (Vaults:3)
  12 wraiths
  25 vampires (Crypt:3)
  34 yaks
  5 hogs (Lair:8)
  7 fire elementals
  A steam dragon (Lair:5)
  2 chaos spawn (Abyss:3)
  17 hippogriffs
  3 golden eyes
  A golden eye (shapeshifter) (D:15)
  A hog (shapeshifter) (Elf:2)
  5 basilisks
  15 vampire mosquitoes
  A hippogriff (shapeshifter) (Vaults:4)
  A neqoxec (Abyss:3)
  6 wargs
  2 hungry ghosts
  4 mottled dragons
  54 nagas
  4 hell hounds
  A monstrous demonspawn skeleton (Crypt:1)
  A mottled dragon (shapeshifter) (Vaults:1)
  10 porcupines
  21 water moccasins
  2 giant eyeballs (shapeshifter)
  43 orc warriors
  2 black bears
  An ettin simulacrum (Vaults:4)
  2 sky beasts
  7 eyes of draining
  7 ice beasts
  A phantom (D:7)
  2 eyes of draining (shapeshifter)
  A wasp (D:14)
  A necrophage (Crypt:2)
  12 centaurs
  10 wolves
  An anubis guard skeleton (Crypt:2)
  33 ogres
  17 crocodiles
  A blink frog skeleton (Crypt:1)
  3 earth elementals
  34 giant frogs
  A fire crab zombie (Crypt:3)
  A water moccasin zombie (Crypt:1)
  A salamander skeleton (Crypt:3)
  2 wyvern skeletons
  4 scorpions
  A yak zombie (Crypt:3)
  16 wights
  8 killer bees
  A spriggan skeleton (Crypt:1)
  5 electric eels (Lair:8)
  11 howler monkeys
  5 lava snakes (Snake:2)
  4 crimson imps
  A wolf skeleton (Crypt:2)
  2 giant frog zombies
  36 jellies
  6 hounds
  A human simulacrum (Vaults:2)
  4 quasits
  A giant frog skeleton (D:12)
  26 orc priests
  14 centaur skeletons
  16 iguanas
  3 worker ants
  32 orc wizards
  13 hell rats
  A killer bee zombie (D:9)
  29 sheep
  A dwarf skeleton (Crypt:3)
  2 hound skeletons
  A worker ant zombie (D:8)
  11 gnolls
  9 adders
  A howler monkey skeleton (D:10)
  90 river rats
  4 shadow imps
  2 white imps (Abyss:3)
  An ooze (D:6)
  An adder skeleton (D:7)
  2 worms (D:2)
  2 dart slugs
  5 giant geckos
  106 orcs
  3 giant cockroaches
  2 gnoll zombies (D:9)
  2 goblins
  10 hobgoblins
  5 jackals
  2 quokkas
  3 ball pythons (Snake:2)
  8 bats
  A dart slug zombie (Crypt:2)
  A giant gecko skeleton (Crypt:3)
  4 giant newts
  A gnoll skeleton (Crypt:3)
  A jackal skeleton (Crypt:3)
  9 kobolds
  8 rats
  A bush (Shoals:1)
  4 crawling corpses
  A fire vortex (Vaults:3)
  7 fungi
  9 plants
  A tentacle (Shoals:1)
  3 withered plants (Crypt:1)
2362 creatures vanquished.

Vanquished Creatures (others)
  Norris (Elf:3)
  3 deep elf master archers (Elf:3)
  A tengu reaver (Vaults:5)
  A deep elf elementalist (Vaults:4)
  2 ironheart preservers
  3 merfolk javelineers (Shoals:4)
  A deep elf high priest (Elf:1)
  A satyr (Shoals:4)
  2 deep elf knights (Elf:2)
  A shadow wraith (Vaults:4)
  A deep elf archer (Elf:3)
  A deep elf mage (Elf:1)
  A cyclops (Shoals:3)
  A freezing wraith (Vaults:4)
  A slime creature (Vaults:3)
  An orc warrior (Vaults:4)
  A small abomination (Abyss:3)
  A river rat (Lair:8)
  A crawling corpse (Elf:3)
  13 fungi (Lair:8)
  7 lost souls
  A lurking horror (Abyss:3)
  33 plants
  2 starspawn tentacles (Abyss:3)
  2 starspawn tentacle segments (Abyss:3)
  4 tentacles (Shoals:1)
  98 tentacle segments (Shoals:1)
  4 withered plants (Crypt:1)
189 creatures vanquished.

Grand Total: 2551 creatures vanquished

Notes
Turn   | Place    | Note
--------------------------------------------------------------
     0 | D:1      | Peloso the Minotaur Fighter began the quest for the Orb.
     0 | D:1      | Reached XP level 1. HP: 19/19 MP: 0/0
   293 | D:1      | Reached XP level 2. HP: 25/27 MP: 1/1
   771 | D:2      | Found an opulent altar of Gozag.
   842 | D:2      | Reached XP level 3. HP: 8/33 MP: 2/2
  1315 | D:2      | Reached skill level 1 in Dodging
  1315 | D:2      | Reached XP level 4. HP: 17/40 MP: 3/3
  1476 | D:2      | Found a sacrificial altar of Ru.
  1639 | D:2      | Found a shimmering altar of Xom.
  1679 | D:2      | Found a glowing golden altar of the Shining One.
  1945 | D:3      | Found a stormy altar of Qazlal.
  2074 | D:3      | Found an iron altar of Okawaru.
  2095 | D:3      | Became a worshipper of Warmaster Okawaru
  2162 | D:3      | Reached XP level 5. HP: 47/47 MP: 4/4
  2173 | D:3      | Reached skill level 5 in Shields
  2851 | D:4      | Found a snail-covered altar of Cheibriados.
  2851 | D:4      | Found an oddly glowing altar of Pakellas.
  2894 | D:4      | Reached XP level 6. HP: 25/55 MP: 5/5
  2918 | D:4      | HP: 4/82 [poisoned by an orc]
  2924 | D:4      | HP: 4/82 [poisoned by an orc]
  2932 | D:4      | HP: 3/82 [poisoned by an orc]
  3328 | D:4      | Reached * piety under Okawaru
  3328 | D:4      | Reached skill level 5 in Armour
  3794 | D:5      | Entered Level 5 of the Dungeon
  3794 | D:5      | Found a sacrificial altar of Ru.
  3800 | D:5      | Reached skill level 5 in Fighting
  3826 | D:5      | Reached XP level 7. HP: 45/61 MP: 6/6
  4025 | D:5      | Found a staircase to the Ecumenical Temple.
  4051 | D:5      | Found a bloodstained altar of Trog.
  4316 | D:5      | Reached ** piety under Okawaru
  4497 | D:6      | Found a sparkling altar of Nemelex Xobeh.
  4537 | D:6      | Reached XP level 8. HP: 56/70 MP: 7/7
  4688 | D:6      | Reached skill level 5 in Long Blades
  5431 | Temple   | Entered the Ecumenical Temple
  5477 | D:7      | Found an opulent altar of Gozag.
  5560 | D:7      | Found an ancient bone altar of Kikubaaqudgha.
  5571 | D:7      | Reached *** piety under Okawaru
  5870 | D:7      | Reached XP level 9. HP: 53/79 MP: 8/8
  5881 | D:7      | Found an ancient bone altar of Kikubaaqudgha.
  6251 | D:8      | Noticed Prince Ribbit
  6290 | D:8      | Reached **** piety under Okawaru
  6297 | D:8      | Killed Prince Ribbit
  6297 | D:8      | Received a gift from Okawaru
  6325 | D:8      | HP: 2/81 [two-headed ogre/giant club (23)]
  6742 | D:8      | Reached skill level 5 in Dodging
  6889 | D:8      | Noticed Erica
  6919 | D:8      | Killed Erica
  6919 | D:8      | Received a gift from Okawaru
  6919 | D:8      | Reached ***** piety under Okawaru
  6919 | D:8      | Reached XP level 10. HP: 26/90 MP: 6/9
  7225 | D:8      | Noticed Gastronok
  7239 | D:8      | Noticed Erolcha
  7240 | D:8      | Killed Gastronok
  7240 | D:8      | Received a gift from Okawaru
  7240 | D:8      | Reached skill level 10 in Shields
  7603 | D:8      | Killed Erolcha
  7603 | D:8      | Reached skill level 10 in Armour
  7695 | D:8      | Found a white marble altar of Elyvilon.
  8119 | D:9      | Reached skill level 1 in Invocations
  8181 | D:9      | Reached XP level 11. HP: 97/97 MP: 10/10
  8380 | D:9      | Found a basalt altar of Yredelemnul.
  8449 | D:10     | Entered Level 10 of the Dungeon
  8518 | D:10     | Found a staircase to the Lair.
  8863 | D:10     | Identified a scroll of acquirement
  8972 | Lair:1   | Entered Level 1 of the Lair of Beasts
  9102 | Lair:1   | Reached skill level 10 in Long Blades
  9177 | Lair:1   | Got a translucent plate armour
  9188 | Lair:1   | Identified the +4 plate armour of the Hundredfold Runes {Str+2} (You found it on level 1 of the Lair of Beasts)
  9314 | Lair:1   | Noticed QuiZr's ghost (novice DDEn)
  9338 | Lair:1   | Killed QuiZr's ghost
  9396 | Lair:1   | Received a gift from Okawaru
  9482 | Lair:1   | Reached skill level 10 in Fighting
  9576 | Lair:1   | Reached skill level 1 in Stealth
 10575 | Lair:2   | You fall through a shaft!
 11037 | Lair:3   | Noticed Anatei's ghost (journeyman DsFi)
 11045 | Lair:3   | Noticed a five-headed hydra
 11062 | Lair:2   | Killed an eight-headed hydra
 11062 | Lair:2   | Reached ****** piety under Okawaru
 11322 | Lair:2   | Reached XP level 12. HP: 105/107 MP: 8/11
 11507 | Lair:3   | Killed Anatei's ghost
 12068 | Lair:3   | Received a gift from Okawaru
 12671 | Lair:4   | Received a gift from Okawaru
 12859 | Lair:4   | Found a staircase to the Snake Pit.
 12869 | Lair:4   | Reached skill level 15 in Shields
 13522 | Lair:5   | Found a stormy altar of Qazlal.
 13692 | Lair:5   | Reached XP level 13. HP: 100/116 MP: 12/12
 13713 | Lair:5   | Received a gift from Okawaru
 13898 | Lair:5   | Received a gift from Okawaru
 13920 | Lair:5   | Got a sapphire-studded scale mail {god gift}
 13931 | Lair:5   | Identified the +2 scale mail of Dawn {rElec rF+ Str-4 Stlth+} (Okawaru gifted it to you on level 5 of the Lair of Beasts)
 14219 | Lair:6   | Found a staircase to the Shoals.
 15892 | Lair:8   | Entered Level 8 of the Lair of Beasts
 16482 | Lair:8   | Received a gift from Okawaru
 16667 | Lair:8   | Reached XP level 14. HP: 79/125 MP: 13/13
 16933 | Lair:8   | Received a gift from Okawaru
 16952 | Lair:8   | Got a pitted scimitar
 16961 | Lair:8   | Identified the +6 scimitar of the Evening {slice, Str+6} (You found it on level 8 of the Lair of Beasts)
 17540 | Lair:8   | Found a staircase to the Slime Pits.
 17951 | Lair:8   | Noticed Kirke
 18512 | Lair:8   | Killed Kirke
 19901 | D:10     | Received a gift from Okawaru
 19904 | D:10     | Got a pair of shimmering gloves {god gift}
 19916 | D:10     | Identified the +2 pair of gloves of the Lair of Beasts {rElec Slay+3} (Okawaru gifted it to you on level 10 of the Dungeon)
 20185 | D:12     | Found a staircase to the Orcish Mines.
 20212 | D:12     | Noticed a stone giant
 20213 | D:12     | Noticed a storm dragon
 20220 | D:12     | Noticed a tengu reaver
 20241 | D:12     | Killed a stone giant
 20248 | D:12     | Killed a tengu reaver
 20260 | D:12     | Killed a storm dragon
 20319 | D:12     | Identified the Handbook of Fiery Envenoming
 21025 | D:13     | Found an oddly glowing altar of Pakellas.
 21355 | D:14     | Got a scintillating granite ring
 21361 | D:14     | Identified the ring of Xom's Absentmindedness {+Fly rN+ Stlth+} (You found it on level 14 of the Dungeon)
 21425 | D:14     | Reached XP level 15. HP: 134/134 MP: 14/14
 21438 | D:14     | Found a sparkling altar of Nemelex Xobeh.
 21580 | D:14     | Found a gate to the Vaults.
 21622 | D:14     | Received a gift from Okawaru
 22077 | D:14     | Noticed Roxanne
 22095 | D:14     | Killed Roxanne
 22277 | D:15     | Entered Level 15 of the Dungeon
 22438 | D:15     | Found a staircase to the Depths.
 22454 | D:15     | Reached skill level 15 in Long Blades
 22476 | D:15     | Noticed Josephine
 22481 | D:15     | Killed Josephine
 22533 | D:15     | Noticed Sonja
 22557 | D:15     | Killed Sonja
 22597 | D:15     | Found a bloodstained altar of Trog.
 22790 | D:15     | Noticed Azrael
 22809 | D:15     | Killed Azrael
 23453 | Lair:2   | Learned a level 8 spell: Necromutation
 23584 | Orc:1    | Entered Level 1 of the Orcish Mines
 24121 | Orc:2    | Entered Level 2 of the Orcish Mines
 24152 | Orc:2    | Found a staircase to the Elven Halls.
 24226 | Orc:2    | Found Kuaheun's Armour Shop.
 24546 | Orc:2    | Received a gift from Okawaru
 24945 | Orc:2    | Found Bopaqic's General Store.
 24945 | Orc:2    | Found Vinutu's Weapon Boutique.
 24947 | Orc:2    | Found Puvvuczam's Weapon Shoppe.
 24947 | Orc:2    | Found Zugu's Antique Weapon Boutique.
 25495 | Snake:1  | Entered Level 1 of the Snake Pit
 26084 | Snake:1  | Reached XP level 16. HP: 126/145 MP: 15/15
 26830 | Snake:2  | Noticed Vashnia
 26874 | Snake:1  | Killed Vashnia
 26874 | Snake:1  | Received a gift from Okawaru
 27592 | Snake:2  | Got a warped long sword
 27611 | Snake:2  | Identified the +0 long sword "Wysk" {venom, Str+2 Int+7} (You found it on level 2 of the Snake Pit)
 27618 | Snake:2  | Got a pair of warped boots
 27629 | Snake:2  | Identified the -4 pair of boots of the Komtur {Str+6 Slay-5} (You acquired it on level 2 of the Snake Pit)
 27738 | Snake:2  | Received a gift from Okawaru
 27741 | Snake:2  | Got a warped mottled dragon armour {god gift}
 27970 | Snake:1  | Identified the +0 mottled dragon armour of the Many Runes {-Tele +Fly rPois} (Okawaru gifted it to you on level 2 of the Snake Pit)
 28894 | Snake:3  | Got a twitching iron ring
 29209 | Snake:3  | Identified the ring of Rasch {Str+4 Int+3} (You took it off a naga on level 3 of the Snake Pit)
 29710 | Snake:4  | Entered Level 4 of the Snake Pit
 30102 | Snake:4  | Reached XP level 17. HP: 107/154 MP: 17/17
 30192 | Snake:4  | Received a gift from Okawaru
 30605 | Snake:4  | Reached skill level 15 in Fighting
 31249 | Snake:4  | Got a serpentine rune of Zot
 31547 | Shoals:1 | Entered Level 1 of the Shoals
 31824 | Shoals:1 | Noticed a kraken
 31841 | Shoals:1 | Killed a kraken
 33229 | Shoals:3 | Received a gift from Okawaru
 33299 | Shoals:3 | Noticed Donald
 33314 | Shoals:3 | Killed Donald
 33480 | Shoals:3 | Reached skill level 15 in Armour
 33891 | Shoals:3 | Noticed Jorgrun
 33900 | Shoals:3 | Killed Jorgrun
 33932 | Shoals:3 | Noticed Ilsuiw
 33950 | Shoals:3 | Killed Ilsuiw
 34780 | Shoals:4 | Entered Level 4 of the Shoals
 35216 | Shoals:4 | Reached XP level 18. HP: 110/163 MP: 18/18
 35424 | Shoals:4 | Identified Dystrez's Tome of Ashen Enhancements
 36016 | Shoals:4 | Received a gift from Okawaru
 36020 | Shoals:4 | Got a bloodstained chain mail {god gift}
 36101 | Shoals:4 | Identified the +0 chain mail "Gishaebem" {rPois Regen+} (Okawaru gifted it to you on level 4 of the Shoals)
 36969 | Shoals:4 | Got a barnacled rune of Zot
 38093 | Elf:1    | Entered Level 1 of the Elven Halls
 39012 | Elf:1    | Gained mutation: Your natural rate of healing is unusually fast. [potion of beneficial mutation]
 39584 | Elf:2    | Received a gift from Okawaru
 39594 | Elf:2    | Got a fine scimitar {god gift}
 39595 | Elf:2    | Identified the +4 scimitar "Homatof" {flame, rElec MR+ Dex-4} (Okawaru gifted it to you on level 2 of the Elven Halls)
 39650 | Elf:2    | Found a runed gate.
 39650 | Elf:2    | Found a runed gate.
 39652 | Elf:2    | Found a runed gate.
 39655 | Elf:2    | Reached XP level 19. HP: 156/174 MP: 19/19
 40160 | Elf:2    | Noticed Dickchan's ghost (adept MfIE)
 40181 | Elf:2    | Killed Dickchan's ghost
 40579 | Elf:3    | Entered Level 3 of the Elven Halls
 40993 | Elf:3    | Noticed Aizul
 41013 | Elf:3    | Killed Aizul
 41224 | Elf:3    | Received a gift from Okawaru
 41227 | Elf:3    | Got a pair of faintly humming boots {god gift}
 41289 | Elf:3    | Identified the +2 pair of boots "Xatiotsu" {rPois Str+2 Stlth+} (Okawaru gifted it to you on level 3 of the Elven Halls)
 41714 | Elf:3    | Cast into level 3 of the Abyss (a deep elf demonologist)
 41733 | Abyss:3  | Noticed a bone dragon
 41762 | Abyss:3  | Killed a bone dragon
 42043 | Abyss:3  | Gained mutation: You are dopey. (Int -2) [a neqoxec]
 42305 | Elf:3    | Escaped the Abyss
 42590 | Elf:3    | Got a clouded ivory ring
 42595 | Elf:3    | Got a transparent jade amulet
 42608 | Elf:3    | Identified the ring of Ucevvol {rCorr rPois rF+} (You found it on level 3 of the Elven Halls)
 42612 | Elf:3    | Identified the amulet of Dithmenos's Outrage {RegenMP *Corrode rPois Str+6} (You found it on level 3 of the Elven Halls)
 42640 | Elf:3    | Identified the Handbook of Attacks (You found it on level 3 of the Elven Halls)
 42873 | Elf:3    | Got a smoking platinum ring
 42874 | Elf:3    | Identified the ring of Dyaqoss {+Blink rElec MP+9 Str+4 Dex+3} (You found it on level 3 of the Elven Halls)
 42887 | Elf:3    | Got a brightly glowing tin ring
 42888 | Elf:3    | Identified the ring of Mioxusa {rC- MP+9 Dex+5} (You found it on level 3 of the Elven Halls)
 42951 | Elf:3    | Reached XP level 20. HP: 111/184 MP: 20/20
 43207 | Elf:3    | Received a gift from Okawaru
 43251 | Elf:3    | Reached skill level 10 in Dodging
 43413 | Elf:3    | Noticed Norris
 43414 | Elf:3    | Noticed Wiglaf
 43434 | Elf:3    | Killed Norris
 43767 | Elf:3    | Got a faintly glowing bone ring
 43791 | Elf:3    | Killed Wiglaf
 44201 | Elf:3    | Identified the ring "Qufe Bui" {+Blink Str+5 Dex-4 Stlth+} (You took it off a deep elf annihilator on level 3 of the Elven Halls)
 44544 | Elf:3    | Identified Sif Muna's Almanac of Helpful Darkness (You found it on level 3 of the Elven Halls)
 45123 | Vaults:1 | Entered Level 1 of the Vaults
 45316 | Vaults:1 | Found Sudghos's Food Shop.
 45779 | Vaults:1 | Received a gift from Okawaru
 45843 | Vaults:1 | You fall through a shaft!
 46517 | Vaults:1 | Found a portal to a secret trove of treasure.
 47321 | Vaults:2 | Reached XP level 21. HP: 192/195 MP: 21/21
 47613 | Vaults:2 | Found Yraeq's Assorted Antiques.
 47635 | Vaults:2 | Bought a potion of heal wounds for 110 gold pieces
 48007 | Vaults:2 | Received a gift from Okawaru
 48939 | Vaults:3 | Noticed Asterion
 48952 | Vaults:3 | Killed Asterion
 49249 | Vaults:3 | Noticed Jory
 49254 | Vaults:3 | Received a gift from Okawaru
 49547 | Vaults:3 | Killed Jory
 49811 | Vaults:3 | Found a staircase to the Crypt.
 51278 | Vaults:4 | Reached XP level 22. HP: 125/206 MP: 20/23
 51314 | Vaults:4 | Received a gift from Okawaru
 51342 | Vaults:4 | Identified the Catalogue of Mutagenic Venom
 52063 | Vaults:5 | Entered Level 5 of the Vaults
 52256 | Vaults:5 | Noticed an ancient lich
 52276 | Vaults:5 | Killed an ancient lich
 52535 | Vaults:4 | Received a gift from Okawaru
 52991 | Vaults:5 | Noticed an ancient lich
 53341 | Vaults:4 | Reached skill level 27 in Shields
 53416 | Vaults:4 | Killed an ancient lich
 53520 | Vaults:5 | Noticed a golden dragon
 53777 | Vaults:4 | Killed a golden dragon
 54549 | Vaults:5 | Received a gift from Okawaru
 54641 | Vaults:5 | Reached XP level 23. HP: 215/215 MP: 24/24
 55559 | Vaults:5 | Found Dunysh's Gadget Shoppe.
 55728 | Vaults:5 | Noticed an ancient lich
 55976 | Vaults:5 | Killed an ancient lich
 56108 | Vaults:5 | Got a silver rune of Zot
 56120 | Vaults:5 | Found Wisim's Gadget Shoppe.
 56380 | Vaults:5 | Received a gift from Okawaru
 56579 | Vaults:5 | Got a faintly glowing bronze ring
 56581 | Vaults:5 | Identified the ring "Azxar" {+Fly rC+ rN+ Stlth+} (You took it off a vault sentinel on level 5 of the Vaults)
 57889 | Vaults:1 | You paid a toll of 4 potions of cure mutation to enter a treasure trove
 57890 | Trove    | Entered a treasure trove
 57905 | Trove    | Got a bloodstained cloak
 57956 | Trove    | Identified the +1 cloak of Courage {Dex+6} (You found it in a treasure trove)
 57959 | Trove    | Got a dazzling large shield
 57961 | Trove    | Got a warped chain mail
 57962 | Trove    | Identified the +2 chain mail of the First Beds {*Corrode +Fly rN++} (You found it in a treasure trove)
 57973 | Trove    | Identified the +4 large shield of the Locust {rPois MP+9 Str+7 Slay-4} (You found it in a treasure trove)
 57976 | Trove    | Got a fine shield
 57987 | Trove    | Identified the +5 shield of Elyvilon's Indignation {*Confuse rF- MR++ Str+3} (You found it in a treasure trove)
 57988 | Trove    | Got a pair of heavily runed gloves
 57999 | Trove    | Identified the -3 pair of gloves of Facausop {rElec MP+9} (You found it in a treasure trove)
 58006 | Trove    | Got a pair of spiked gloves
 58012 | Trove    | Identified the +2 pair of gloves of the Ladybird {rPois Int-3 SInv Stlth+} (You found it in a treasure trove)
 58012 | Trove    | Lost intelligence.
 58260 | Lair:2   | Lost intelligence.
 58591 | Crypt:1  | Entered Level 1 of the Crypt
 58749 | Crypt:1  | Found an ancient bone altar of Kikubaaqudgha.
 59178 | Crypt:1  | Received a gift from Okawaru
 60068 | Crypt:2  | Reached XP level 24. HP: 193/228 MP: 24/24
 60358 | Crypt:3  | Entered Level 3 of the Crypt
 60388 | Crypt:3  | Received a gift from Okawaru
 60488 | Crypt:3  | Paralysed by a vampire knight for 6 turns
 60555 | Crypt:3  | Found a staircase to the Tomb.
 61265 | Crypt:3  | Got a faintly glowing turquoise ring
 61504 | Crypt:3  | Paralysed by a vampire knight for 3 turns
 61870 | Vaults:3 | Identified the ring of the Mackerel {Fire rN+ MP+9 Slay+3} (You took it off a vampire on level 3 of the Crypt)
 62146 | Lair:2   | Identified a +2 pair of boots of running (You found it on level 3 of the Crypt)
 62326 | Slime:1  | Entered Level 1 of the Pits of Slime
 62742 | Lair:8   | Reached skill level 27 in Long Blades
 63006 | Depths:1 | Entered Level 1 of the Depths
 63095 | Depths:1 | Received a gift from Okawaru
 63469 | Slime:1  | Gained mutation: Potions and wands are less effective at restoring your health. [a shining eye]
 64490 | Slime:2  | Noticed Dissolution
 64556 | Slime:2  | Killed Dissolution
 64891 | Slime:4  | Reached XP level 25. HP: 231/242 MP: 24/25
 64993 | Slime:5  | Lost mutation: Potions and wands are less effective at restoring your health. [a shining eye]
 64999 | Slime:5  | Received a gift from Okawaru
 64999 | Slime:5  | Gained mutation: You are clumsy. (Dex -2) [a shining eye]
 65401 | Slime:3  | Gained mutation: You are very clumsy. (Dex -4) [a shining eye]
 65711 | Slime:6  | Entered Level 6 of the Pits of Slime
 65886 | Slime:6  | Received a gift from Okawaru
 66104 | Slime:6  | Noticed the Royal Jelly
 66142 | Slime:5  | HP: 6/244 [acid blob[the Royal Jelly] (26)]
 66142 | Slime:5  | HP: 2/244 [acid[the Royal Jelly] (4)]
 66144 | Slime:5  | Splashed by an acid blob's acid

Skill      XL: |  1  2  3  4  5  6  7  8  9 10 11 12 13 14 15 16 17 18 19 20 21 22 23 24 25 |
---------------+----------------------------------------------------------------------------+-----
Shields        | 4 5 6 7 8 9 10 13 15 17 18 20 21 22 23 24 25 26 27 | 27.0
Armour         | 4 5 6 7 9 10 11 12 13 14 15 16 17 18 19 | 19.7
Fighting       | 4 5 7 8 9 10 11 12 13 14 15 16 17 18 19 20 21 23 24 | 24.1
Dodging        | 1 2 3 4 5 6 7 8 9 10 11 | 11.9
Long Blades    | 3 4 6 7 9 10 11 13 14 15 17 18 19 20 22 23 24 25 27 | 27.0
Invocations    | 1 2 3 4 |  4.3
Stealth        | 1 2 |  2.5
Unarmed Combat | |  0.4
Evocations     | |  0.8

Action                   |  1- 3 |  4- 6 |  7- 9 | 10-12 | 13-15 | 16-18 | 19-21 | 22-24 | 25-27 || total
-------------------------+-------+-------+-------+-------+-------+-------+-------+-------+-------++-------
Melee: Long sword        |    91 |   175 |   398 |       |       |       |       |       |       ||   664
       Headbutt          |    12 |    30 |    86 |   217 |   414 |   396 |   528 |   571 |    78 ||  2332
       Falchion          |       |       |       |   807 |   435 |       |       |       |       ||  1242
       Scimitar          |       |       |       |    27 |   983 |  1316 |  1577 |    52 |       ||  3955
       Unarmed           |       |       |       |       |     4 |       |       |       |       ||     4
       Double sword      |       |       |       |       |       |       |       |  1673 |   226 ||  1899
Invok: Heroism           |       |       |     3 |     3 |    11 |     9 |    17 |    15 |     2 ||    60
       Finesse           |       |       |       |       |       |       |       |     1 |       ||     1
Evoke: Wand              |       |       |       |       |       |     2 |     3 |       |     1 ||     6
  Use: Scroll            |       |     4 |     1 |    19 |    17 |     9 |    11 |    12 |       ||    73
       Potion            |       |     2 |     3 |       |     1 |     2 |       |     2 |     1 ||    11
 Stab: Distracted        |       |       |       |       |       |       |     1 |       |       ||     1
       Sleeping          |       |       |       |       |       |       |       |     1 |       ||     1
  Eat: Chunk             |     1 |     8 |    12 |    21 |    37 |    39 |    49 |    44 |       ||   211
       Fruit             |       |       |     1 |       |     3 |     3 |     2 |     3 |       ||    12
       Pizza             |       |       |       |     1 |       |     1 |       |       |       ||     2
       Royal jelly       |       |       |       |       |     1 |     1 |       |       |       ||     2
Armor: Chain mail        |    62 |   167 |   173 |    45 |       |       |       |       |       ||   447
       Scale mail        |     1 |       |       |       |       |       |       |       |       ||     1
       Plate armour      |       |       |       |   275 |   450 |   427 |   468 |   657 |   151 ||  2428
Dodge: Dodged            |    32 |    55 |   128 |   196 |   314 |   399 |   442 |   586 |   107 ||  2259
Block: Shield            |    57 |   118 |   221 |    36 |       |   556 |  1299 |  1814 |   290 ||  4391
       Large shield      |       |       |       |   974 |  1655 |   966 |       |     3 |       ||  3598
       Reflection        |       |       |       |       |       |    64 |    50 |       |     5 ||   119
